 Dungeon Crawl Stone Soup version 0.28-a0-932-g843f935a50 (webtiles) character file.

Game seed: 12594687024346567744

4360 pokeman the Thaumaturge (level 10, -11/56 HPs)
             Began as a Deep Elf Hedge Wizard on Nov 27, 2021.
             Was a Follower of Vehumet.
             Shot with a sling bullet by Joseph (18 damage)
             ... on level 8 of the Dungeon.
             The game lasted 00:23:11 (11425 turns).

pokeman the Thaumaturge (Deep Elf Hedge Wizard)    Turns: 11425, Time: 00:23:12

Health: -11/56     AC:  5    Str:  7    XL:     10   Next: 12%
Magic:  9/28       EV: 12    Int: 23    God:    Vehumet [*.....]
Gold:   320        SH:  5    Dex: 14    Spells: 22/34 levels left

rFire   . . .      SeeInvis +   A - +2 whip (flame)
rCold   . . .      Faith    .   (no shield)
rNeg    + . .      Spirit   .   f - +0 leather armour
rPois   .          Reflect  +   a - +0 helmet
rElec   .          Harm     .   j - +0 cloak
rCorr   .          Rampage  .   (no gloves)
Will    +....                   (no boots)
Stlth   ++........              s - amulet of reflection
HPRegen 0.18/turn               q - ring of positive energy
MPRegen 0.21/turn               r - ring of see invisible

@: no status effects
A: no striking features
a: Renounce Religion


You were on level 8 of the Dungeon.
You worshipped Vehumet.
Vehumet was aware of your devotion.
You visited 2 branches of the dungeon, and saw 9 of its levels.

You collected 320 gold pieces.

Inventory:

Hand Weapons
 A - a +2 whip of flaming (weapon)
 D - a +0 shortbow of flaming
Missiles
 e - 33 bolts
 u - 83 arrows
 x - 2 throwing nets
Armour
 a - a +0 helmet (worn)
 f - a +0 leather armour (worn)
 j - a +0 cloak (worn)
 y - a +0 kite shield
Jewellery
 o - a ring of flight
 q - a ring of positive energy (left hand)
 r - a ring of see invisible (right hand)
 s - an amulet of reflection (around neck)
Wands
 c - a wand of iceblast (7)
 C - a wand of paralysis (7)
Scrolls
 d - a scroll of noise {unknown}
 i - 8 scrolls of identify {unknown}
 k - a scroll of summoning {unknown}
 l - 2 scrolls of acquirement {unknown}
 n - 5 scrolls of enchant weapon {unknown}
 p - a scroll of vulnerability {unknown}
 v - a scroll of holy word {unknown}
 z - a scroll of immolation {unknown}
 E - a scroll of torment {unknown}
 F - a scroll of fog {unknown}
 G - a scroll of silence {unknown}
Potions
 b - a potion of berserk rage {unknown}
 g - 4 potions of flight {unknown}
 h - 2 potions of heal wounds {unknown}
 m - 5 potions of curing {unknown}
 t - 2 potions of haste {unknown}
 w - 2 potions of cancellation {unknown}
 B - a potion of magic {unknown}
 H - a potion of lignification {unknown}


   Skills:
 - Level 3.0 Fighting
 - Level 3.1 Armour
 - Level 3.0 Dodging
 - Level 3.2 Stealth
 + Level 1.9 Shields
 * Level 12.8 Spellcasting
 + Level 7.2 Conjurations
 - Level 1.1 Summonings
 - Level 1.1 Necromancy
 - Level 1.1 Translocations
 + Level 6.3 Fire Magic
 - Level 1.4 Air Magic
 - Level 1.1 Poison Magic
 - Level 1.1 Evocations


You had 22 spell levels left.
You knew the following spells:

 Your Spells              Type           Power      Damage    Failure   Level
a - Magic Dart            Conj           100%       1d8       1%          1
b - Mephitic Cloud        Conj/Pois/Air  29%        N/A       4%          3
c - Call Imp              Summ           19%        N/A       6%          2
d - Blink                 Tloc           38%        N/A       6%          2
e - Conjure Flame         Conj/Fire      45%        6-21      1%          3
f - Shock                 Conj/Air       100%       1d9       1%          1

Your spell library contained the following spells:

 Spells                   Type           Power      Damage    Failure   Level
 Static Discharge         Conj/Air       34%        N/A       1%          2
 Sticky Flame             Conj/Fire      45%        2d6       3%          4
 Summon Small Mammal      Summ           76%        N/A       4%          1
 Slow                     Hex            56%        N/A       6%          1
 Ignite Poison            Fire/Tmut/Pois 26%        N/A       7%          3
 Call Canine Familiar     Summ           19%        N/A       12%         3
 Summon Guardian Golem    Hex/Summ       17%        N/A       14%         3
 Lightning Bolt           Conj/Air       17%        1d31      28%         5
 Maxwell's Capacitive Co  Air            10%        ∞         100%        8


Dungeon Overview and Level Annotations

Branches:
Dungeon (8/15)             Temple (1/1) D:6
   Lair: D:8-11

Altars:
Dithmenos
Elyvilon
Qazlal
Ru
Trog
Vehumet
Yredelemnul
The Shining One

Shops:
D:2 :   D:5 [   D:6 :

Annotations:
D:8 Joseph


Message History

Joseph barely misses you.
Unknown command.
You hit Joseph. You burn Joseph.
Joseph is heavily wounded.
Joseph closely misses you.
Unknown command.
You hit Joseph. You burn Joseph.
Joseph is heavily wounded.
The yak is engulfed in noxious fumes.
The yak appears confused.
The yak gores Joseph.
Joseph hits you with a +5 spectral quarterstaff!!
* * * LOW HITPOINT WARNING * * *
Unknown command.
The yak is engulfed in noxious fumes.
The yak appears confused.
Joseph hits the yak with a +5 spectral quarterstaff!
Casting: Mephitic Cloud (dangerous; 4% risk of failure)
Confirm with . or Enter, or press ? or * to list all spells.
A beastly little devil appears in a puff of frigid air.
Your white imp barely misses Joseph.
Casting: Call Imp (safe; 6% risk of failure)
Confirm with . or Enter, or press ? or * to list all spells.
The fire begins to smoulder!
Joseph hits your white imp with a +5 spectral quarterstaff!
Your white imp dies!
Your white imp disappears in a puff of smoke!
Unknown command.
The fire ignites!
Casting: Conjure Flame (safe; 1% risk of failure)
Confirm with . or Enter, or press ? or * to list all spells.
Aiming: Mephitic Cloud (dangerous; 4% risk of failure)
Press: ? - help, Shift-Dir - straight line, f/p - Joseph
Aim: Joseph, wielding a +5 spectral quarterstaff, wearing a +0 leather armour, quivering sling bullets and carrying a wand of acid (9) (severely wounded, chance to affect: 72%)
The ball explodes into a vile cloud!
The stinking cloud engulfs Joseph but does no damage.
Joseph is severely wounded.
Joseph is engulfed in noxious fumes.
Joseph unwields a +5 spectral quarterstaff.
Joseph wields a +0 hunting sling.
Joseph shoots a sling bullet.
The sling bullet hits you!!
You die...

################
#......(..@§☼@.#
#####.############☼#
#.....# #.# #.##### ####Y#
#.# ###### #..).)..#
###.####....# #.##.##.#
.........##.#####.##.###.#
####.######..............Y.
#.# #######.#....?.


YY You could see Joseph.

Vanquished Creatures
  Pikel (D:6)
  The ghost of ders the Digger, a novice GrEE (D:4)
  Prince Ribbit (D:8)
  Sigmund (D:4)
  4 yaks (D:8)
  2 water moccasins
  Pargi (D:3)
  2 orc warriors
  The ghost of Brendawg the Cudgeller, an amateur MiBe of Trog (D:3)
  A necrophage (D:7)
  4 black bears
  The ghost of sirJeffrey23 the Twirler, an amateur DsGl (D:3)
  4 centaurs
  3 lemures (D:6)
  2 bullfrogs
  3 scorpions
  A wyvern skeleton (D:7)
  A howler monkey (D:7)
  2 orc priests
  4 hounds
  A centaur skeleton (D:6)
  A bullfrog skeleton (D:7)
  3 jellies
  Jessica (D:2)
  3 iguanas
  Natasha (D:2)
  Terence (D:2)
  6 orc wizards
  A hound skeleton (D:5)
  A howler monkey zombie (D:7)
  Robin (D:3)
  8 adders
  4 gnolls (D:3)
  2 shadow imps
  A white imp (D:7)
  2 adder skeletons
  3 worms
  7 dart slugs
  22 orcs
  8 endoplasms
  2 giant cockroaches
  12 hobgoblins
  5 jackals
  6 kobolds
  A quokka (D:3)
  2 ball pythons (D:4)
  8 bats
  4 frilled lizards
  12 goblins
  6 rats
175 creatures vanquished.

Vanquished Creatures (collateral kills)
  An orc (D:3)
1 creature vanquished.

Vanquished Creatures (others)
  3 withered plants (D:3)
3 creatures vanquished.

Grand Total: 179 creatures vanquished

Notes
Turn   | Place    | Note
-------+----------+-------------------------------------------
     0 | D:1      | pokeman the Deep Elf Hedge Wizard began the quest for the
                  | Orb.
     0 | D:1      | Reached XP level 1. HP: 10/10 MP: 7/7
   303 | D:1      | Reached XP level 2. HP: 15/15 MP: 6/9
  1147 | D:1      | Reached skill level 5 in Spellcasting
  1399 | D:1      | Reached XP level 3. HP: 20/20 MP: 7/11
  1403 | D:1      | Learned a level 3 spell: Mephitic Cloud
  1406 | D:1      | Learned a level 2 spell: Call Imp
  1409 | D:1      | Learned a level 2 spell: Blink
  1413 | D:1      | Learned a level 3 spell: Conjure Flame
  1777 | D:2      | Noticed Jessica
  1783 | D:2      | Killed Jessica
  1784 | D:2      | Reached skill level 1 in Fighting
  1784 | D:2      | Reached skill level 1 in Armour
  1862 | D:2      | Noticed Terence
  2024 | D:2      | Reached XP level 4. HP: 25/25 MP: 7/13
  2363 | D:2      | Killed Terence
  2585 | D:2      | Noticed Natasha
  2595 | D:2      | Killed Natasha
  2596 | D:2      | Reached skill level 6 in Spellcasting
  2596 | D:2      | Reached skill level 1 in Fire Magic
  2596 | D:2      | Reached XP level 5. HP: 13/29 MP: 2/15
  2921 | D:2      | Found Usuxie's Book Boutique.
  3268 | D:3      | Noticed Robin
  3330 | D:3      | Killed Robin
  3616 | D:3      | Found a faded altar of an unknown god.
  4116 | D:3      | Noticed Pargi
  4129 | D:3      | Killed Pargi
  4130 | D:3      | Reached skill level 1 in Air Magic
  4130 | D:3      | Reached XP level 6. HP: 25/34 MP: 7/17
  4204 | D:3      | Reached skill level 7 in Spellcasting
  4404 | D:3      | Found a runed translucent gate.
  4404 | D:3      | Found a runed translucent gate.
  4414 | D:3      | Found a runed translucent gate.
  4416 | D:3      | Noticed Brendawg's ghost (amateur MiBe)
  4417 | D:3      | Noticed sirJeffrey23's ghost (amateur DsGl)
  4682 | D:3      | Killed Brendawg's ghost
  4683 | D:3      | Reached skill level 1 in Poison Magic
  4683 | D:3      | Reached skill level 1 in Evocations
  4865 | D:3      | Killed sirJeffrey23's ghost
  4866 | D:3      | Reached XP level 7. HP: 38/38 MP: 4/20
  5062 | D:4      | Noticed ders's ghost (novice GrEE)
  5169 | D:4      | Found a runed translucent gate.
  5173 | D:4      | Found a runed translucent gate.
  5174 | D:4      | Found a runed translucent gate.
  5696 | D:4      | Reached skill level 8 in Spellcasting
  5799 | D:4      | Noticed Sigmund
  5811 | D:4      | Killed Sigmund
  6201 | D:4      | Reached XP level 8. HP: 41/44 MP: 20/22
  6570 | D:4      | Killed ders's ghost
  6571 | D:4      | Reached skill level 9 in Spellcasting
  6838 | D:5      | Entered Level 5 of the Dungeon
  6838 | D:5      | Found Cisuan's Armour Boutique.
  7104 | D:5      | Reached skill level 5 in Conjurations
  8127 | D:5      | Reached skill level 10 in Spellcasting
  8308 | D:6      | Noticed Pikel
  8354 | D:6      | Killed Pikel
  8355 | D:6      | Reached XP level 9. HP: 7/48 MP: 2/25
  8902 | D:6      | HP: 2/48 [poisoned by a water moccasin]
  9233 | D:6      | Reached skill level 11 in Spellcasting
  9265 | D:6      | Found Datz's Book Boutique.
  9289 | D:6      | Reached skill level 1 in Necromancy
  9348 | D:6      | Found a basalt altar of Yredelemnul.
  9363 | D:6      | Found a staircase to the Ecumenical Temple.
  9386 | Temple   | Entered the Ecumenical Temple
  9393 | Temple   | Became a worshipper of Vehumet
  9536 | D:6      | Reached skill level 5 in Fire Magic
  9569 | D:6      | Identified the +0 ring mail of Absence {Int+2}
 10337 | D:7      | Reached skill level 12 in Spellcasting
 10410 | D:7      | Reached * piety under Vehumet
 10410 | D:7      | Offered knowledge of Shock by Vehumet.
 10413 | D:7      | Learned a level 1 spell: Shock
 11003 | D:8      | Noticed Prince Ribbit
 11015 | D:8      | Killed Prince Ribbit
 11016 | D:8      | Reached skill level 1 in Shields
 11192 | D:8      | Noticed a gargoyle
 11193 | D:8      | Noticed a manticore
 11218 | D:8      | Found a bloodstained altar of Trog.
 11386 | D:8      | Noticed Joseph
 11403 | D:8      | Reached XP level 10. HP: 34/56 MP: 15/28
 11425 | D:8      | Shot with a sling bullet by Joseph

Illustrated notes

Levels and vault maps discovered:
D:1:      ebering_hopf_link, layout_loops_cross
D:2:      layout_loops_corners, serial_shops, nicolae_shop_waterfront,
          uniq_natasha, uniq_jessica, uniq_terence
D:3:      layout_basic, shapermc_ecumenical_altar_starsandcircs,
          gammafunk_ghost_cemetery, uniq_pargi, uniq_robin
D:4:      wad_pebble_path, layout_loops_corners, gammafunk_ghost_split,
          uniq_sigmund
D:5:      layout_basic, serial_shops, nicolae_stop_n_shop_2, serial_curves,
          eino_curves_03, eino_curves_02
D:6:      layout_gridville, minmay_temple_entry_offerings, serial_shops, shop,
          kennysheep_flooded_box, uniq_pikel
D:7:      layout_loops_ring, kennysheep_potato
D:8:      layout_loops_ring, mainiacjoe_overflow_brackets,
          lightli_corner_chamber, uniq_prince_ribbit1, uniq_joseph
Temple:   nicolae_temple_the_god_donut

Skill      XL: |  1  2  3  4  5  6  7  8  9 |
---------------+----------------------------+-----
Spellcasting   | 5 6 7 8 10 12 | 12.8
Fighting       | 1 2 3 |  3.0
Armour         | 1 3 |  3.1
Conjurations   | 2 3 4 5 7 |  7.2
Fire Magic     | 1 3 4 6 |  6.3
Dodging        | 3 |  3.0
Stealth        | 3 |  3.2
Air Magic      | 1 |  1.4
Poison Magic   | 1 |  1.1
Evocations     | 1 |  1.1
Necromancy     | 1 |  1.1
Shields        | 1 |  1.9
Summonings     | |  1.1
Translocations | |  1.1

Action                   |  1- 3 |  4- 6 |  7- 9 | 10-12 || total
-------------------------+-------+-------+-------+-------++-------
Melee: Dagger            |    10 |     3 |       |       ||    13
       Hand axe          |       |    39 |    78 |       ||   117
       Whip              |       |       |    48 |     7 ||    55
 Cast: Magic Dart        |    94 |   100 |   244 |       ||   438
       Mephitic Cloud    |       |     8 |    23 |     3 ||    34
       Conjure Flame     |       |     9 |    23 |     1 ||    33
       Call Imp          |       |     7 |     5 |     1 ||    13
       Blink             |       |     1 |     5 |       ||     6
       Shock             |       |       |    10 |       ||    10
 Stab: Confused          |       |     7 |    16 |       ||    23
Armor: Robe              |     6 |       |       |       ||     6
       Leather armour    |     4 |     7 |    29 |       ||    40
Dodge: Dodged            |    30 |    24 |   106 |     2 ||   162
Block: Other             |       |       |    28 |       ||    28
       Reflection        |       |       |     7 |       ||     7

Table legend: (Time is in decaauts)
 A = Elapsed time spent in this place.
 B = Non-inter-level travel time spent in this place.
 C = Inter-level travel time spent in this place.
 D = Time resting spent in this place.
 E = Time spent auto-exploring this place.
 F = Levels seen in this place.
 G = Mean time per level.
                   A        B        C        D        E       F      G
               +--------+--------+--------+--------+--------+-----+--------+
         Total |  11462 |  11187 |    275 |    401 |   9082 |   9 | 1273.6 |
       Dungeon |  11447 |  11178 |    269 |    401 |   9082 |   8 | 1430.9 |
        Temple |     14 |      8 |      6 |      0 |      0 |   1 |   14.0 |
               +--------+--------+--------+--------+--------+-----+--------+

Top non-repeatable levels by time:
     D:3: 1842 daAuts
     D:4: 1837 daAuts
     D:1: 1644 daAuts
     D:6: 1550 daAuts
     D:2: 1528 daAuts
     D:5: 1440 daAuts
     D:7: 1168 daAuts
     D:8: 434 daAuts
  Temple: 14 daAuts
